AoeStats
← Herun

Arabia

504803731Analyzed
4v4 RM · 26d ago on Sep 6, 2026· 62m 40s· 8 players
Game mode
Random Map
Map size
Large (8 player)
Population
200
Speed
Normal
Resources
Standard
Victory
Conquest
Starting age
Dark Age
Ending age
Imperial Age
RankedLock teamsTeams togetherTeam positionsShared explorationLock speedFull tech treeHidden civsTurbo modeCheats
Victory
Defeat
🇹🇷 Bulgarians · Türkiye
713
+31
🇹🇷 Maya · Türkiye
700
+19
🇹🇷 Spanish · Türkiye
662
+21
🇹🇷 Turks · Türkiye
619
+22
🇺🇾 Dravidians · Uruguay
801
-22
🇨🇱 Wu · Chile
800
-21
🇩🇪 Inca · Germany
748
-19
🇨🇷 Britons · Costa Rica
725
-19
Wobbuffet3383
1:39 Loom
13:44 Feudal Age
18:03 Man-at-Arms
23:13 Arson
23:30 Double-Bit Axe
34:41 Castle Age
38:17 Pikeman
38:57 Squires
42:26 Imperial Age
49:06 Halberdier
53:29 Fletching
53:39 Padded Archer Armor
56:47 Chemistry
62:03 Ballistics
Paladin from Stormwind
12:35 Feudal Age
10:51 Loom
12:46 Champi Runner
14:06 Forging
13:57 Scale Mail Armor
24:07 Castle Age
22:23 Horse Collar
22:29 Double-Bit Axe
23:18 Gold Mining
25:20 Wheelbarrow
24:13 Champi Warrior
25:50 Squires
34:49 Heavy Plow
34:59 Bow Saw
36:17 Iron Casting
36:26 Chain Mail Armor
45:58 Imperial Age
43:47 Hand Cart
46:22 Town Watch
47:40 Blast Furnace
47:11 Plate Mail Armor
46:15 Elite Champi Warrior
50:36 Crop Rotation
50:42 Gold Shaft Mining
58:46 Elite Kamayuk
59:47 Conscription
58:58 Sappers
60:04 Hoardings
Torilas
11:17 Feudal Age
12:58 Loom
16:03 Bloodlines
20:22 Castle Age
21:49 Forging
26:24 Gold Mining
27:09 Double-Bit Axe
28:35 Elite Skirmisher
30:47 Wheelbarrow
33:04 Bloodlines
33:23 Hand Cart
33:11 Fletching
34:15 Stone Mining
35:01 Gold Shaft Mining
SirEscara19
3:26 Loom
11:54 Feudal Age
13:43 Wheelbarrow
13:18 Town Watch
13:20 Double-Bit Axe
15:52 Horse Collar
17:30 Stone Mining
22:51 Castle Age
23:29 Gold Mining
24:44 Bow Saw
25:05 Murder Holes
27:36 Hand Cart
31:22 Town Patrol
33:40 Heavy Plow
34:43 Fortified Wall
34:55 Ballistics
35:54 Caravan
39:12 Imperial Age
40:17 Conscription
41:02 Chemistry
41:35 Masonry
41:29 Padded Archer Armor
41:20 Fletching
41:40 Forging
41:31 Scale Mail Armor
41:36 Scale Barding Armor
42:36 Two-Man Saw
47:50 Bodkin Arrow
48:31 Iron Casting
48:12 Chain Mail Armor
48:12 Leather Archer Armor
48:18 Chain Barding Armor
48:31 Elite Skirmisher
53:20 Ring Archer Armor
52:50 Bracer
53:51 Blast Furnace
53:36 Pikeman
54:16 Squires
57:15 Halberdier
59:55 Plate Mail Armor
60:26 Blast Furnace
Herrhosen
12:07 Feudal Age
10:45 Loom
12:39 Double-Bit Axe
12:37 Horse Collar
16:12 Gold Mining
17:16 Fletching
19:29 Scale Mail Armor
27:38 Castle Age
25:56 Padded Archer Armor
26:07 Forging
27:28 Wheelbarrow
29:15 Squires
28:36 Pikeman
30:20 Eagle Warrior
30:29 Crossbowman
31:15 Thumb Ring
32:47 Hand Cart
33:12 Bow Saw
33:10 Stone Mining
33:51 Heavy Plow
33:19 Eagle Warrior
34:30 Bodkin Arrow
34:52 Thumb Ring
35:43 Chain Mail Armor
35:45 Leather Archer Armor
36:22 Stone Shaft Mining
36:05 Arson
37:47 Iron Casting
42:04 Ballistics
44:18 Imperial Age
46:00 Chemistry
44:23 Elite Eagle Warrior
44:27 Halberdier
46:34 Holcans
46:26 Conscription
47:06 Bracer
47:38 Ring Archer Armor
47:38 Plate Mail Armor
47:37 Arbalester
49:13 Elite Plumed Archer
51:23 Guilds
51:43 Coinage
55:03 Blast Furnace
59:27 Town Watch
sightlaber
6:25 Loom
11:25 Feudal Age
17:03 Castle Age
15:05 Double-Bit Axe
32:19 Stone Mining
32:22 Gold Mining
43:29 Bow Saw
44:03 Wheelbarrow
46:19 Gold Shaft Mining
46:20 Stone Shaft Mining
46:06 Horse Collar
47:26 Hand Cart
48:43 Heavy Plow
51:14 Arson
51:29 Squires
51:17 Gambesons
54:05 Loom
59:45 Scale Mail Armor
59:55 Forging
65:47 Imperial Age
Herun
1:07 Loom
12:23 Feudal Age
12:59 Horse Collar
13:08 Double-Bit Axe
19:21 Bloodlines
24:12 Castle Age
24:39 Forging
26:32 Heavy Plow
27:57 Iron Casting
28:55 Bow Saw
30:10 Scale Barding Armor
30:23 Husbandry
36:11 Imperial Age
33:40 Gold Mining
33:43 Stone Mining
34:53 Wheelbarrow
35:00 Ballistics
37:27 Fletching
37:37 Padded Archer Armor
38:11 Hand Cart
40:19 Chemistry
39:32 Masonry
39:26 Bodkin Arrow
39:47 Leather Archer Armor
42:51 Elite Conquistador
46:19 Murder Holes
47:33 Cavalier
49:32 Bracer
50:03 Ring Archer Armor
56:00 Chain Barding Armor
57:40 Stone Shaft Mining
HAROSEN
17:56 Feudal Age
18:31 Horse Collar
18:41 Double-Bit Axe
20:04 Man-at-Arms
21:51 Wheelbarrow
32:43 Castle Age
33:44 Hand Cart
33:34 Squires
32:59 Long Swordsman
33:31 Arson
33:24 Crossbowman
34:51 Caravan
34:53 Heavy Plow
35:35 Husbandry
36:38 Bloodlines
37:48 Scale Barding Armor
37:59 Forging
37:49 Scale Mail Armor
45:18 Sipahi
47:25 Thumb Ring
50:38 Imperial Age
52:26 Bow Saw
52:11 Stone Mining
52:11 Gold Mining
51:50 Heavy Camel Rider
55:29 Artillery
58:31 Elite Janissary
Connection lost

Rejoining the realm…

Still unreachable

The connection could not be restored.

Session expired

The server has moved on; the page needs a fresh start.